 Dungeon Crawl Stone Soup version 0.31.0-32-g396128a36d (webtiles) character file.

Game seed: 14467863840241248095

317 PaiMei the Gusty (level 6, -8/33 (35) HPs)
             Began as a Tengu Air Elementalist on Mar 20, 2024.
             Mangled by a hell rat (15 damage)
             ... in a sewer.
             The game lasted 00:05:36 (4343 turns).

PaiMei the Gusty (Tengu Air Elementalist)           Turns: 4343, Time: 00:05:36

HP:   -8/33 (35)    AC:  6    Str:  9    XL:     6   Next: 44%
MP:   3/11          EV: 13    Int: 17    God:
Gold: 304           SH:  0    Dex: 14    Spells: 8/11 levels left

rFire   . . .        d - +0 mace
rCold   . . .        (no shield)
rNeg    + . .        p - +2 robe {rN+}
rPois   .            (helmet restricted)
rElec   .            k - +1 cloak
rCorr   .            (no gloves)
SInv    .            (boots unavailable)
Will    .....        (no amulet)
Stlth   ++           n - ring of wizardry
HPRegen 0.25/turn    (no ring)
MPRegen 0.12/turn

%: acrobat, wizardry (x1)
@: drained
A: beak, talons 3, acrobatic
a: no special abilities


You were in a sewer.
You visited 1 branch of the dungeon, and saw 5 of its levels.
You also visited: Sewer.

You collected 304 gold pieces.

Inventory:

Hand Weapons
 d - a +0 mace (weapon)
Armour
 a - a +0 robe
 k - a +1 cloak (worn)
 p - a +2 robe of positive energy (worn)
Jewellery
 n - a ring of wizardry (left hand)
Wands
 f - a wand of polymorph (8)
Scrolls
 c - 8 scrolls of identify {unknown}
 e - 2 scrolls of immolation {unknown}
 g - 3 scrolls of teleportation {unknown}
 j - a scroll of poison {unknown}
 o - a scroll of blinking {unknown}
 q - a scroll of silence {unknown}
Potions
 b - a potion of magic
 h - 3 potions of curing {unknown}
 i - 2 potions of enlightenment {unknown}
 l - a potion of might {unknown}
 m - 2 potions of cancellation {unknown}


   Skills:
 + Level 2.3 Fighting
 + Level 3.7 Dodging
 - Level 2.2 Stealth
 + Level 3.2 Spellcasting
 + Level 3.7 Conjurations
 + Level 5.5 Air Magic


You had 8 spell levels left.
You knew the following spells:

 Your Spells              Type           Power      Damage    Failure   Level
a - Shock                 Conj/Air       72%        1d7       1%          1
b - Static Discharge      Conj/Air       36%        3-5/arc   1%          2

Your spell library contained the following spells:

 Spells                   Type           Power      Damage    Failure   Level
 Swiftness                Air            21%        N/A       2%          3
 Mercury Vapours          Alch/Air       24%        N/A       3%          2
 Mephitic Cloud           Conj/Alch/Air  13%        N/A       6%          3
 Airstrike                Air            10%        2d(2-18)  8%          4
 Jinxbite                 Hex            4%         N/A       11%         2
 Sublimation of Blood     Necr           2%         N/A       11%         2
 Ozocubu's Armour         Ice            2%         N/A       21%         3
 Freezing Cloud           Conj/Ice/Air   6%         6-21      45%         5
 Petrify                  Alch/Erth      2%         N/A       52%         4
 Irradiate                Conj/Alch      4%         3d13      61%         5
 Metabolic Englaciation   Hex/Ice        1%         N/A       86%         5
 Yara's Violent Unravell  Hex/Alch       1%         3d3       86%         5
 Sculpt Simulacrum        Ice/Alch       1%         N/A       100%        6
 Enfeeble                 Hex            1%         N/A       100%        7


Dungeon Overview and Level Annotations

Branches:
Dungeon (5/15)              Sewer (1/1)
 Temple: D:4-7

Altars:


Innate Abilities, Weirdness & Mutations

You have a beak for a mouth.
You have claws for feet.
You can magically evade attacks while moving or waiting.


Message History

Press: ? - help, Shift-Dir - straight line, f/p - hell rat
Aim: a hell rat (lightly wounded, 71% to hit)
The zap hits the hell rat.
The hell rat is moderately wounded.
The hell rat bites you but does no damage.
Casting: Shock (safe; 1% risk of failure)
Confirm with . or Enter, or press ? or * to list all spells.
Aiming: Shock (safe; 1% risk of failure)
Press: ? - help, Shift-Dir - straight line, f/p - hell rat
Aim: a hell rat (moderately wounded, 71% to hit)
The zap hits the hell rat.
The hell rat is moderately wounded.
The hell rat bites you!
* * * LOW HITPOINT WARNING * * *
You partially resist.
You feel drained.
Casting: Shock (safe; 1% risk of failure)
Confirm with . or Enter, or press ? or * to list all spells.
Aiming: Shock (safe; 1% risk of failure)
Press: ? - help, Shift-Dir - straight line, f/p - hell rat
Aim: a hell rat (moderately wounded, 71% to hit)
The zap hits the hell rat.
The hell rat is heavily wounded.
The hell rat misses you.
Casting: Shock (safe; 1% risk of failure)
Confirm with . or Enter, or press ? or * to list all spells.
Aiming: Shock (safe; 1% risk of failure)
Press: ? - help, Shift-Dir - straight line, f/p - hell rat
Aim: a hell rat (heavily wounded, 71% to hit)
The zap hits the hell rat.
The hell rat is severely wounded.
The hell rat closely misses you. The hell rat completely misses you.
Casting: Shock (safe; 1% risk of failure)
Confirm with . or Enter, or press ? or * to list all spells.
Aiming: Shock (safe; 1% risk of failure)
Press: ? - help, Shift-Dir - straight line, f/p - hell rat
Aim: a hell rat (severely wounded, 71% to hit)
The zap hits the hell rat.
The hell rat is severely wounded.
The hell rat bites you!
You die...

~.~~~~. ##..
~~~## #~~.
...# ##..
##~.## #~.~
~~#~~.# #..#
~~?##.†#
#~~#~~~!?#.~#
#~@r~~~)∩#∩∩#
#~~#.~~?!#~~#
#.~##~~?##†.#
#~~.# ~~#.~.#
##.~## ##~.##
#.~.###~..#
##..~~~~~##
#..~~..~#
###~.~###


You could see a hell rat.

Vanquished Creatures
  A bombardier beetle (D:4)
  A hound (D:4)
  An iguana (D:3)
  2 orc wizards
  8 adders
  2 river rats
  5 dart slugs
  2 ribbon worms
  6 orcs
  2 ball pythons
  4 bats
  6 endoplasms
  2 giant cockroaches
  5 goblins
  6 hobgoblins
  3 kobolds
  2 quokkas
  6 frilled lizards
  8 rats
72 creatures vanquished.

Notes
Turn   | Place    | Note
-------+----------+-------------------------------------------
     0 | D:1      | PaiMei the Tengu Air Elementalist began the quest for the
                  | Orb.
     0 | D:1      | Reached XP level 1. HP: 10/10 MP: 4/4
   122 | D:1      | Reached XP level 2. HP: 14/15 MP: 0/6
   998 | D:2      | Reached XP level 3. HP: 20/20 MP: 3/7
  1001 | D:2      | Learned a level 2 spell: Static Discharge
  1471 | D:2      | Found a faded altar of an unknown god.
  1785 | D:2      | Reached XP level 4. HP: 24/24 MP: 3/8
  1999 | D:3      | Reached skill level 1 in Fighting
  2716 | D:4      | Reached skill level 5 in Air Magic
  2716 | D:4      | Reached XP level 5. HP: 29/29 MP: 4/10
  2997 | D:4      | Identified the +1 robe of the Antique Jabberwock {-Cast
                  | rF+++ rN+ Dex+5}
  3556 | D:5      | Entered Level 5 of the Dungeon
  3627 | D:5      | Noticed a steam dragon
  3680 | D:4      | Reached XP level 6. HP: 17/35 MP: 6/11
  4108 | D:5      | Found a glowing drain.
  4116 | Sewer    | Entered a sewer
  4343 | Sewer    | Mangled by a hell rat

Illustrated notes

Levels and vault maps discovered:
D:1:      dpeg_arrival_tiny_g, layout_basic
D:2:      layout_loops_ring, chequers_ecumenical_altar_simple
D:3:      layout_rooms
D:4:      layout_loops_ring, minmay_misc_feat_doors,
          nicolae_kite_square_tiling_tiny
D:5:      layout_basic, lightli_sewer_entry_pipes
Sewer:    sewer_hellmonk_bad_rat

Skill      XL: |  1  2  3  4  5 |
---------------+----------------+-----
Conjurations   | 2 3 |  3.7
Fighting       | 1 2 |  2.3
Dodging        | 3 |  3.7
Air Magic      | 5 |  5.5
Spellcasting   | 3 |  3.2
Stealth        | |  2.2

Action                     |  1- 3 |  4- 6 || total
---------------------------+-------+-------++-------
  Melee: Kick              |     3 |     9 ||    12
         Unarmed           |     1 |       ||     1
         Mace              |     6 |    26 ||    32
         Peck              |     1 |     5 ||     6
   Cast: Shock             |    70 |   127 ||   197
 Armour: Robe              |    13 |    57 ||    70
  Dodge: Dodged            |    15 |    83 ||    98
